 Dungeon Crawl Stone Soup version 0.26-a0-651-gb41185065b (webtiles) character file.

Game seed: 2905109355188863493

454 Mesmaeker13 the Slinger (level 7, -5/46 HPs)
             Began as a Halfling Hunter on Oct 31, 2020.
             Slain by a worker ant (6 damage)
             ... on level 6 of the Dungeon.
             The game lasted 00:08:03 (4379 turns).

Mesmaeker13 the Slinger (Halfling Hunter)           Turns: 4379, Time: 00:08:04

Health: -5/46      AC:  5    Str: 13    XL:     7   Next: 26%
Magic:  7/7        EV: 17    Int: 11    God:
Gold:   130        SH:  0    Dex: 15    Spells: 6/6 levels left

rFire    . . .     SeeInvis .   o - +3 spear
rCold    . . .     Faith    .   (shield restricted)
rNeg     . . .     Spirit   .   c - +0 leather armour
rPois    .         Reflect  .   h - +2 hat
rElec    .         Harm     .   (no cloak)
rCorr    .         Rampage  .   (no gloves)
MR       .....                  (no boots)
Stlth    ++........             (no amulet)
HPRegen  0.15/turn              (no ring)
MPRegen  0.10/turn              (no ring)

@: mesmerised
A: small, mutation resistance 1
a: no special abilities


You were on level 6 of the Dungeon.
You visited 1 branch of the dungeon, and saw 5 of its levels.

You collected 130 gold pieces.

Inventory:

Hand Weapons
 a - a +2 hunting sling
 b - a +0 short sword
 o - a +3 spear (weapon)
 p - a +0 long sword
Missiles
 e - a sling bullet
 f - 98 stones (quivered)
 q - 7 poisoned darts
Armour
 c - a +0 leather armour (worn)
 h - a +2 hat (worn)
Jewellery
 d - an uncursed amulet of faith
Scrolls
 g - a scroll of blinking {unknown}
 i - 4 scrolls of remove curse
 m - a scroll of fog
 r - a scroll of enchant armour {unknown}
Potions
 j - a potion of invisibility {unknown}
 k - 2 potions of degeneration {unknown}
 l - 3 potions of flight
 n - a potion of mutation {unknown}


   Skills:
 - Level 3.5 Fighting
 + Level 2.3 Short Blades
 + Level 8.3 Slings
 + Level 4.9 Dodging
 - Level 1.1 Stealth


You had 6 spell levels left.
You didn't know any spells.
Your spell library was empty.

Dungeon Overview and Level Annotations

Branches:
Dungeon (4/15)
 Temple: D:4-7

Altars:
Dithmenos
Elyvilon
Kikubaaqudgha
Wu Jian

Annotations:
D:2 1 runed translucent door, Crazy Yiuf, Natasha
D:6 Maggie


Innate Abilities, Weirdness & Mutations

You are small and have problems with some larger weapons.
You are somewhat resistant to further mutation.


Message History

Unknown command.
You cannot move away from Maggie!
Unknown command.
You cannot move away from Maggie!
You cannot move away from Maggie!
You cannot move away from Maggie!
You cannot move away from Maggie!
The orc throws a stone.
The stone misses you.
The orc wizard looks encouraged for a moment.
The ogre barely misses you.
You cannot move away from Maggie!
You cannot move away from Maggie!
Unknown command.
The worker ant completely misses you.
The orc throws a stone.
The stone misses you.
Maggie casts a spell.
Maggie draws you further into her thrall.
The howler monkey hoots and howls with incredible vigour!
The worker ant bites you.
You die...

.........# .........#.oo
#.........
....o....##..##o.......#
.........##..##.........
....o.....#...#........
..........#...#......#
#####'###.#...#......#
......o...#...Zo....###.
......@...#...oh@.......
.........h#....aY..####.
..........#.o@.O........
................#.<#####
............#.....##
..........[.+..>....
.......####.....##
....... #....... .......
...#....


You could see Maggie (mesmerising), an ice beast, an ogre, a howler monkey
(catching breath), a worker ant, 2 orc wizards, 2 orcs and a jackal zombie.

Vanquished Creatures
  Sigmund (D:6)
  A bullfrog (D:3)
  A jelly (D:6)
  An orc priest (D:3)
  Natasha (D:2)
  3 adders (D:3)
  An ooze (D:1)
  A dart slug (D:1)
  2 leopard geckos
  11 orcs
  3 giant cockroaches
  4 goblins
  7 hobgoblins
  15 jackals
  6 kobolds
  A quokka (D:2)
  2 ball pythons
  10 bats
  4 frilled lizards
  9 rats
84 creatures vanquished.

Vanquished Creatures (others)
  3 withered plants (D:3)
3 creatures vanquished.

Grand Total: 87 creatures vanquished

Notes
Turn   | Place    | Note
-------+----------+-------------------------------------------
     0 | D:1      | Mesmaeker13 the Halfling Hunter began the quest for the
                  | Orb.
     0 | D:1      | Reached XP level 1. HP: 14/14 MP: 1/1
    57 | D:1      | Reached skill level 6 in Slings
    57 | D:1      | Reached XP level 2. HP: 19/19 MP: 2/2
   600 | D:1      | Reached XP level 3. HP: 20/24 MP: 3/3
  1549 | D:2      | Reached XP level 4. HP: 26/30 MP: 4/4
  1608 | D:2      | Found a shadowy altar of Dithmenos.
  1642 | D:2      | Noticed Natasha
  1657 | D:2      | Killed Natasha
  1676 | D:2      | Noticed Natasha
  2056 | D:3      | Reached skill level 7 in Slings
  2056 | D:3      | Reached XP level 5. HP: 36/36 MP: 5/5
  2097 | D:2      | Found a white marble altar of Elyvilon.
  2162 | D:2      | Found an ornate altar of the Wu Jian Council.
  2308 | D:2      | You fall into a shaft and drop 2 floors!
  2364 | D:4      | Noticed a phantom
  2689 | D:2      | Found a runed translucent door.
  2690 | D:2      | Noticed Crazy Yiuf
  3049 | D:3      | Found an ancient bone altar of Kikubaaqudgha.
  3404 | D:3      | Noticed a bullfrog
  3421 | D:3      | Killed a bullfrog
  3421 | D:3      | Reached XP level 6. HP: 16/42 MP: 6/6
  3974 | D:4      | You fall into a shaft and drop 2 floors!
  3981 | D:6      | Noticed a necrophage
  4071 | D:6      | Noticed Sigmund
  4107 | D:6      | Killed Sigmund
  4107 | D:6      | Reached skill level 8 in Slings
  4107 | D:6      | Reached XP level 7. HP: 32/46 MP: 7/7
  4359 | D:6      | Noticed Maggie
  4374 | D:6      | HP: 2/46 [worker ant (5)]
  4379 | D:6      | Slain by a worker ant

Illustrated notes

Levels and vault maps discovered:
D:1:      lemuel_arrival_funnel, layout_loops_ring, minmay_indecisive_spiral
D:2:      layout_loops_ring, nicolae_overflow_crystal_walls,
          nicolae_dithmenos_through_a_glass_darkly, lemuel_doored_altar,
          uniq_natasha, uniq_crazy_yiuf_cottage
D:3:      layout_loops_ring, kiku_gazebo_garden_becter
D:4:      layout_basic, serial_shops, shop, kennysheep_flooded_box,
          minmay_misc_feat_enclosed
D:6:      layout_basic, minmay_temple_entry_crystal_x,
          okawaru_altar_gauntlet_db, uniq_sigmund, uniq_maggie

Skill      XL: |  1  2  3  4  5  6 |
---------------+-------------------+-----
Fighting       | 2 3 |  3.5
Slings         | 6 7 8 |  8.3
Dodging        | 3 4 |  4.9
Short Blades   | 2 |  2.3
Stealth        | |  1.1

Action                   |  1- 3 |  4- 6 |  7- 9 || total
-------------------------+-------+-------+-------++-------
Melee: Short sword       |   162 |    82 |       ||   244
       Spear             |       |       |     1 ||     1
 Fire: Hunting sling     |    14 |   107 |       ||   121
  Use: Scroll            |     5 |     6 |       ||    11
 Stab: Sleeping          |     2 |       |       ||     2
       Distracted        |     1 |       |       ||     1
Armor: Leather armour    |    59 |    25 |     4 ||    88
Dodge: Dodged            |   135 |    95 |    14 ||   244

Table legend: (Time is in decaauts)
 A = Elapsed time spent in this place.
 B = Non-inter-level travel time spent in this place.
 C = Inter-level travel time spent in this place.
 D = Time resting spent in this place.
 E = Time spent auto-exploring this place.
 F = Levels seen in this place.
 G = Mean time per level.
                   A        B        C        D        E       F      G
               +--------+--------+--------+--------+--------+-----+--------+
         Total |   4380 |   4264 |    116 |   1353 |   1875 |   5 |  876.0 |
       Dungeon |   4380 |   4264 |    116 |   1353 |   1875 |   5 |  876.0 |
               +--------+--------+--------+--------+--------+-----+--------+

Top non-repeatable levels by time:
     D:3: 1575 daAuts
     D:1: 1542 daAuts
     D:2: 764 daAuts
     D:6: 401 daAuts
     D:4: 95 daAuts
